Map: Data-C

Players

A.I. 1 (Very Easy)

  • Race: Protoss Protoss
  • Spawn Location: 3:00

Dytef - Winner!

  • Race: Zerg Zerg
  • League: Diamond
  • Spawn Location: 9:00

VOD

Have the link to the VOD?

Description

Time

  • Played on: Sept. 3, 2022, 3:04 a.m.
  • Length: 10:10
Show
View Real Time Build Order
Export as new Build Order

A.I. 1 (Very Easy) Protoss 

Build Orders:  

Get SALT Encoding   

  12  0:00  Probe  
  13  0:13  Probe  
  14  0:19  Pylon  
  14  0:37  Assimilator  
  14  0:43  Gateway  
  14  0:46  Pylon  
  14  1:15  Assimilator  
  14  1:24  Probe  
  14  1:29  Zealot  
  14  1:32  Probe  
  17  1:33  Cybernetics Core  
  18  1:40  Probe  
  19  1:50  Probe  
  20  1:59  Warp Gate  
  20  2:00  Probe  
  20  2:08  Probe  
  22  2:37  Stalker  
  24  6:57  Probe  
  25  7:02  Adept  
  25  7:04  Pylon  
  25  7:05  Probe  
  25  7:07  Robotics Facility  
  27  7:09  Nexus  
  27  7:13  Probe  
  28  7:21  Probe  
  29  7:29  Probe  
  30  7:32  Pylon  
  27  7:55  Zealot  
  27  7:56  Observer  
  29  8:12  Observer  
  30  8:22  Probe  
  31  8:27  Probe  
  31  8:28  Assimilator  
  31  8:33  Assimilator  
  32  8:36  Immortal  
  32  8:37  Probe  
  31  8:51  Probe  
  31  8:53  Pylon  
  24  9:03  Probe  
  24  9:06  Stalker  
Show
View Real Time Build Order
Export as new Build Order

Dytef Zerg - Winner!

Build Orders: Hatch First 

Get SALT Encoding   

  12  0:00  Drone  
  13  0:14  Overlord  
  13  0:17  Drone  
  14  0:32  Drone x2  
  16  0:50  Hatchery  
  16  0:52  Drone  
  16  0:55  Drone  
  17  1:00  Drone  
  18  1:10  Extractor  
  17  1:16  Spawning Pool  
  16  1:20  Drone  
  16  1:23  Drone  
  18  1:30  Drone  
  19  1:42  Drone  
  20  1:55  Overlord  
  20  2:03  Queen x2  
  20  2:04  Drone, Zergling x2  
  26  2:12  Drone  
  26  2:13  Drone  
  28  2:28  Metabolic Boost  
  28  2:34  Hatchery  
  27  2:37  Drone  
  27  2:38  Drone  
  27  2:42  Drone  
  27  2:43  Drone  
  31  2:50  Queen  
  33  2:56  Overlord  
  33  3:02  Drone x3  
  36  3:07  Overlord  
  36  3:15  Drone x4  
  40  3:23  Drone x2  
  42  3:29  Queen  
  42  3:31  Overlord  
  44  3:36  Drone  
  44  3:40  Spore Crawler  
  44  3:42  Spore Crawler  
  43  3:49  Drone x6  
  43  3:50  Drone  
  43  3:52  Drone  
  51  3:56  Spore Crawler  
  51  3:59  Queen  
  53  4:02  Drone  
  53  4:03  Drone  
  53  4:05  Drone  
  57  4:20  Drone x6  
  57  4:22  Overlord  
  63  4:24  Overlord  
  63  4:31  Drone  
  63  4:32  Drone x2  
  66  4:41  Overlord x2  
  66  4:42  Drone x4  
  66  4:45  Extractor  
  67  4:46  Extractor  
  67  4:47  Lair  
  67  4:48  Evolution Chamber  
  67  4:51  Roach Warren, Drone x4  
  67  4:52  Drone x2  
  70  4:58  Drone x4  
  70  4:59  Drone  
  75  5:06  Overlord  
  75  5:19  Zerg Melee Weapons Level 1  
  75  5:22  Overlord x2, Evolution Chamber  
  75  5:23  Drone x3  
  75  5:24  Drone x8  
  75  5:28  Extractor  
  84  5:33  Extractor  
  84  5:35  Roach x3, Hatchery  
  88  5:43  Roach  
  88  5:45  Glial Reconstitution  
  88  5:49  Roach x3  
  96  5:53  Roach x4  
  96  5:55  Drone x4  
  96  5:56  Drone  
  109  6:02  Zerg Missile Weapons Level 1  
  109  6:13  Drone x3  
  109  6:14  Drone x2  
  114  6:23  Extractor  
  113  6:26  Baneling Nest  
  113  6:27  Roach x5  
  113  6:29  Overlord x7  
  122  6:53  Extractor  
  122  6:54  Roach x13  
  135  6:57  Extractor  
  146  7:06  Pneumatized Carapace  
  146  7:08  Infestation Pit  
  146  7:14  Zerg Melee Weapons Level 2  
  146  7:15  Centrifugal Hooks  
  145  7:25  Roach x11  
  166  7:36  Overlord x5  
  166  7:48  Roach x8  
  182  7:51  Overseer  
  182  7:54  Hive  
  182  7:59  Spire  
  182  8:02  Hatchery  
  182  8:05  Zergling x26  
  193  8:30  Roach  
  193  8:31  Roach x2  
  199  8:45  Hatchery  
  198  9:12  Corruptor  
Tags
 
League
Diamond
Matchup
PvZ
Spawn Locations
Cross Positions
Add a new tag
Caveats
  • Supply blocks, unpowered buildings, or Contaminate may cause inaccurate times.
  • Supply counts are checked every 10 seconds.